 Seeded DCSS version 0.30-a0-377-g5cb311bc9f (webtiles) character file.

Game seed: 6 (custom seed)

4520 McGhostyFace the Thaumaturge (level 10, -12/82 HPs)
             Began as a Gnoll Wanderer on Dec 1, 2022.
             Killed from afar by an electric eel (17 damage)
             ... with a bolt of electricity
             ... in a bailey.
             The game lasted 00:24:57 (8215 turns).

McGhostyFace the Thaumaturge (Gnoll Wanderer)       Turns: 8215, Time: 00:24:59

Health: -12/82     AC:  8    Str:  9    XL:     10   Next: 39%
Magic:  17/23      EV: 17    Int: 18    God:
Gold:   257        SH:  0    Dex: 12    Spells: 18/27 levels left

rFire   . . .      SeeInvis .    p - +1 dagger (venom)
rCold   . . .      Faith    .    (no shield)
rNeg    . . .      Spirit   .    H - +0 steam dragon scales
rPois   .          Reflect  .    (no helmet)
rElec   .          Harm     .    x - +0 cloak
rCorr   .          Rampage  .    (no gloves)
Will    .....                    d - +0 pair of boots
Stlth   +++.......               s - amulet of regeneration
HPRegen 1.13/turn                C - +4 ring of evasion
MPRegen 0.18/turn                (no ring)

@: no status effects
A: fangs 1, strong nose, distributed training
a: no special abilities


You were in a bailey.
You visited 2 branches of the dungeon, and saw 9 of its levels.
You also visited: Bailey.

You collected 257 gold pieces.

Inventory:

Hand Weapons
 f - a +3 morningstar
 o - a +0 spear
 p - a +1 dagger of venom (weapon)
 A - a +0 flail of holy wrath
Missiles
 D - 2 throwing nets (quivered)
Armour
 d - a +0 pair of boots (worn)
 x - a +0 cloak (worn)
 H - +0 steam dragon scales (worn)
 L - a +0 helmet
 M - a +1 robe of resistance
Jewellery
 c - a ring of see invisible
 s - an amulet of regeneration (around neck)
 C - a +4 ring of evasion (left hand)
Wands
 I - a wand of polymorph (5)
 K - a wand of digging (2)
Scrolls
 a - a scroll of vulnerability {unknown}
 e - 7 scrolls of identify
 n - 2 scrolls of teleportation {unknown}
 r - a scroll of magic mapping
 t - a scroll of brand weapon {unknown}
 u - 3 scrolls of immolation {unknown}
 y - a scroll of summoning {unknown}
 B - a scroll of blinking {unknown}
 F - a scroll of enchant armour {unknown}
 G - a scroll of poison {unknown}
Potions
 b - 2 potions of heal wounds
 g - 5 potions of invisibility
 i - 4 potions of flight {unknown}
 j - a potion of resistance {unknown}
 k - 2 potions of might {unknown}
 l - a potion of mutation {unknown}
 m - 5 potions of curing {unknown}
 v - a potion of magic {unknown}
 w - a potion of degeneration {unknown}
 z - a potion of brilliance {unknown}
 E - 2 potions of haste {unknown}
 J - a potion of lignification {unknown}


   Skills:
 + Level 8.6 Fighting
 + Level 5.4 Short Blades
 + Level 5.4 Long Blades
 + Level 5.4 Axes
 + Level 5.4 Maces & Flails
 + Level 5.4 Polearms
 + Level 5.4 Staves
 + Level 5.4 Ranged Weapons
 + Level 5.4 Throwing
 + Level 5.4 Armour
 + Level 5.4 Dodging
 + Level 6.9 Stealth
 + Level 5.4 Shields
 + Level 5.4 Unarmed Combat
 + Level 9.1 Spellcasting
 + Level 4.5 Conjurations
 + Level 4.5 Hexes
 + Level 4.5 Summonings
 + Level 4.5 Necromancy
 + Level 4.5 Translocations
 + Level 4.5 Transmutations
 + Level 4.5 Fire Magic
 + Level 6.0 Ice Magic
 + Level 4.5 Air Magic
 + Level 4.5 Earth Magic
 + Level 4.5 Poison Magic
 + Level 6.0 Invocations
 + Level 5.4 Evocations


You had 18 spell levels left.
You knew the following spells:

 Your Spells              Type           Power      Damage    Failure   Level
a - Call Imp              Summ           24%        N/A       1%          2
b - Mephitic Cloud        Conj/Pois/Air  24%        N/A       4%          3
c - Flame Wave            Conj/Fire      24%        2d8       14%         4

Your spell library contained the following spells:

 Spells                   Type           Power      Damage    Failure   Level
 Freeze                   Ice            100%       1d10      1%          1
 Kiss of Death            Conj/Necr      96%        2d12      1%          1
 Magic Dart               Conj           96%        1d7       1%          1
 Necrotise                Necr           96%        1d8       1%          1
 Ensorcelled Hibernation  Hex/Ice        54%        N/A       1%          2
 Passwall                 Tmut/Erth      20%        N/A       1%          2
 Scorch                   Fire           48%        2d7       1%          2
 Inner Flame              Hex/Fire       24%        N/A       4%          3
 Portal Projectile        Hex/Tloc       48%        N/A       4%          3
 Swiftness                Air            24%        N/A       4%          3
 Tukima's Dance           Hex            24%        N/A       4%          3
 Vampiric Draining        Necr           24%        2d7       4%          3
 Summon Ice Beast         Ice/Summ       27%        N/A       10%         4
 Animate Dead             Necr           24%        N/A       14%         4
 Cause Fear               Hex            12%        N/A       14%         4
 Agony                    Necr           24%        N/A       36%         5
 Blade Hands              Tmut           12%        N/A       36%         5
 Borgnjor's Vile Clutch   Necr/Erth      12%        N/A       36%         5
 Death Channel            Necr           12%        N/A       91%         6
 Summon Cactus Giant      Summ           12%        N/A       91%         6
 Discord                  Hex            12%        N/A       100%        8


Dungeon Overview and Level Annotations

Branches:
Dungeon (8/15)             Temple (1/1) D:7          Bailey (1/1)
   Lair: D:8-11

Altars:
Ashenzari
Cheibriados
Dithmenos
Elyvilon
Fedhas
Gozag
Hepliaklqana
Kikubaaqudgha
Makhleb
Nemelex Xobeh
Okawaru
Qazlal
Ru
Sif Muna
Trog
Uskayaw
Vehumet
Wu Jian
Yredelemnul
Zin
The Shining One

Shops:
D:1 [   D:3 *:


Innate Abilities, Weirdness & Mutations

You have very sharp teeth.
Your uncanny sense of smell can sniff out nearby items.
Your experience applies equally to all skills.


Message History

The orc sorcerer is heavily wounded.
You barely miss the orc sorcerer.
The orc sorcerer is heavily wounded.
The hobgoblin hits you with a +0 war axe!
* * * LOW HITPOINT WARNING * * *
You swap places.
Your crimson imp hits the hobgoblin.
The hobgoblin hits your crimson imp with a +0 war axe!
Sorry, you're not good enough to have a special ability.
Unknown command.
Your crimson imp blinks!
You hit the hobgoblin but do no damage.
The hobgoblin is poisoned.
The hobgoblin is heavily wounded.
The orc sorcerer hits the hobgoblin with a +0 war axe!
The hobgoblin is killed!
The orc sorcerer ponders the situation.
Your crimson imp blinks!
There is a broken door, spattered with blood here.
Things that are here:
a +0 war axe; a +0 leather armour Your crimson imp barely misses the orc sorcerer.
A bolt of electricity appears from out of your range of vision.
The bolt of electricity hits your crimson imp.
You swap places.
An electric eel comes into view.
A gnoll comes into view. It is wielding a +0 hand axe.
The orc sorcerer hits you with a +0 war axe!
* * * LOW HITPOINT WARNING * * *
The electric eel shoots out a bolt of lightning at you!
The bolt of electricity hits you!
* * * LOW HITPOINT WARNING * * *
You swap places.
The orc sorcerer gestures wildly.
Your crimson imp barely misses the orc sorcerer.
The orc sorcerer seems less confused.
The orc sorcerer hits your crimson imp with a +0 war axe!
Your crimson imp dies!
Your crimson imp disappears in a puff of smoke!
The electric eel shoots out a bolt of lightning at you!
The bolt of electricity hits you!
You die...

)⌠..# )...# #.~≈≈≈≈
....# #g~≈≈≈≈ '#####
#.~≈≈≈≈ .....# ∆∆
∆∆#.~S≈≈ .....# ∆∆
∆∆#.~≈
##...##############.#
.#.8.8.8.)))...#....#
.#......)#.....)@.§o#
.###############..#'#
.'..........).))..#.#
##~~~~~~~~~~~~S######
≈≈≈≈≈≈≈≈≈≈≈≈≈S≈≈≈≈≈
≈≈≈≈≈≈≈≈≈≈≈≈≈≈≈≈≈≈≈≈
≈≈≈≈≈≈≈≈≈≈≈≈S≈≈≈≈≈≈≈≈
≈≈≈≈≈≈≈≈≈≈≈≈≈≈≈≈≈≈≈≈≈
≈≈≈≈≈≈≈≈≈≈≈≈≈≈≈≈≈≈≈≈≈


You could see an orc sorcerer (poisoned) and 4 electric eels.

Vanquished Creatures
  A two-headed ogre (D:6)
  An orc knight (Bailey)
  Pikel (D:7)
  Menkaure (D:7)
  2 steam dragons
  6 orc warriors (Bailey)
  A water moccasin (D:7)
  3 ogres
  2 ice beasts (D:6)
  A lemure (D:7)
  4 scorpions
  2 wights (D:8)
  3 killer bees (D:6)
  An electric eel (Bailey)
  A vampire bat (D:4)
  A howler monkey (D:5)
  An orc priest (D:6)
  3 hounds
  Crazy Yiuf (D:3)
  2 gnoll boudas
  2 jellies
  4 iguanas
  Natasha (D:2)
  An orc wizard (D:5)
  12 gnolls
  A shadow imp (D:7)
  2 white imps
  2 ufetubi
  2 worms (D:3)
  2 dart slugs
  17 orcs
  A bat skeleton (D:4)
  3 bat zombies (D:4)
  4 endoplasms
  4 giant cockroaches
  11 goblins
  11 hobgoblins
  8 jackals
  4 kobolds
  3 quokkas
  4 ball pythons
  6 bats
  2 frilled lizards (D:3)
  4 rats
149 creatures vanquished.

Vanquished Creatures (collateral kills)
  A necrophage (D:4)
  2 vampire bats (D:4)
  A jelly (D:7)
  Natasha (twice) (D:2)
  An orc wizard (D:6)
  Robin (D:2)
  3 adders (D:3)
  A dart slug (D:1)
  4 orcs (D:3)
  9 goblins
  4 hobgoblins (D:2)
  3 jackals (D:3)
  A quokka (D:3)
  2 frilled lizards
35 creatures vanquished.

Vanquished Creatures (others)
  A goblin (D:2)
1 creature vanquished.

Grand Total: 185 creatures vanquished

Notes
Turn   | Place    | Note
-------+----------+-------------------------------------------
     0 | D:1      | McGhostyFace the Gnoll Wanderer began the quest for the
                  | Orb.
     0 | D:1      | McGhostyFace set off with the following items: a +0 dagger,
                  | a potion of heal wounds, a +0 robe, a +0 pair of boots; and
                  | the following spells available to memorise: Freeze,
                  | Ensorcelled Hibernation, Kiss of Death, Vampiric Draining,
                  | Summon Ice Beast.
     0 | D:1      | Reached XP level 1. HP: 23/23 MP: 8/8
   166 | D:1      | Reached XP level 2. HP: 16/29 MP: 10/10
   169 | D:1      | Learned a level 2 spell: Call Imp
   515 | D:1      | Found Ceptaxte's Armour Shoppe.
   680 | D:1      | Reached XP level 3. HP: 34/35 MP: 11/11
  1198 | D:2      | Noticed Robin
  1207 | D:2      | Reached skill level 1 in Invocations
  1214 | D:2      | Killed Robin
  1215 | D:2      | Reached skill level 1 in Short Blades
  1215 | D:2      | Reached skill level 1 in Long Blades
  1215 | D:2      | Reached skill level 1 in Axes
  1215 | D:2      | Reached skill level 1 in Maces & Flails
  1215 | D:2      | Reached skill level 1 in Polearms
  1215 | D:2      | Reached skill level 1 in Staves
  1215 | D:2      | Reached skill level 1 in Ranged Weapons
  1215 | D:2      | Reached skill level 1 in Throwing
  1215 | D:2      | Reached skill level 1 in Armour
  1215 | D:2      | Reached skill level 1 in Dodging
  1215 | D:2      | Reached skill level 1 in Shields
  1215 | D:2      | Reached skill level 1 in Unarmed Combat
  1215 | D:2      | Reached skill level 1 in Evocations
  1396 | D:2      | Noticed Natasha
  1428 | D:2      | Killed Natasha
  1429 | D:2      | Reached skill level 1 in Conjurations
  1429 | D:2      | Reached skill level 1 in Hexes
  1429 | D:2      | Reached skill level 1 in Summonings
  1429 | D:2      | Reached skill level 1 in Necromancy
  1429 | D:2      | Reached skill level 1 in Translocations
  1429 | D:2      | Reached skill level 1 in Transmutations
  1429 | D:2      | Reached skill level 1 in Fire Magic
  1429 | D:2      | Reached skill level 1 in Air Magic
  1429 | D:2      | Reached skill level 1 in Earth Magic
  1429 | D:2      | Reached skill level 1 in Poison Magic
  1429 | D:2      | Reached XP level 4. HP: 14/41 MP: 7/13
  1536 | D:2      | Learned a level 3 spell: Mephitic Cloud
  2013 | D:2      | Noticed Natasha
  2028 | D:2      | Killed Natasha
  2029 | D:2      | Reached XP level 5. HP: 9/47 MP: 6/14
  2283 | D:2      | Noticed Natasha
  2302 | D:2      | Killed Natasha
  3011 | D:3      | Found a runed translucent door.
  3012 | D:3      | Noticed Crazy Yiuf
  3143 | D:3      | Found a snail-covered altar of Cheibriados.
  3170 | D:3      | Found Vehyz's General Store.
  3322 | D:3      | Found Saigam's Book Shoppe.
  3470 | D:3      | Killed Crazy Yiuf
  3471 | D:3      | Reached XP level 6. HP: 14/53 MP: 13/16
  4386 | D:4      | Reached XP level 7. HP: 27/60 MP: 18/18
  4397 | D:4      | HP: 2/60 [iguana (10)]
  4515 | D:4      | Found an ancient bone altar of Kikubaaqudgha.
  4567 | D:4      | Reached skill level 5 in Stealth
  4645 | D:4      | Found a shadowy altar of Dithmenos.
  4752 | D:5      | Entered Level 5 of the Dungeon
  4884 | D:5      | Reached XP level 8. HP: 20/67 MP: 14/19
  5160 | D:5      | Found a shimmering blue altar of Sif Muna.
  5293 | D:5      | Found a hazy altar of Hepliaklqana.
  5355 | D:5      | Found a bloodstained altar of Trog.
  5647 | D:6      | Found a broken altar of Ashenzari.
  5676 | D:6      | Reached skill level 8 in Spellcasting
  5916 | D:6      | Identified the +0 ring mail "Buniyv" {rPois rCorr}
  5989 | D:6      | Reached skill level 5 in Ice Magic
  6072 | D:6      | Found a white marble altar of Elyvilon.
  6158 | D:6      | Reached XP level 9. HP: 73/73 MP: 21/21
  6277 | D:6      | Noticed a two-headed ogre
  6311 | D:6      | Killed a two-headed ogre
  6599 | D:6      | Found a glowing golden altar of the Shining One.
  6599 | D:6      | Found an iron altar of Okawaru.
  7105 | D:7      | Noticed Pikel
  7132 | D:7      | Killed Pikel
  7133 | D:7      | Reached skill level 5 in Invocations
  7218 | D:7      | Noticed Menkaure
  7319 | D:7      | Learned a level 4 spell: Flame Wave
  7333 | D:7      | Found a staircase to the Ecumenical Temple.
  7418 | Temple   | Entered the Ecumenical Temple
  7749 | D:7      | Killed Menkaure
  7750 | D:7      | Reached skill level 5 in Short Blades
  7750 | D:7      | Reached skill level 5 in Long Blades
  7750 | D:7      | Reached skill level 5 in Axes
  7750 | D:7      | Reached skill level 5 in Maces & Flails
  7750 | D:7      | Reached skill level 5 in Polearms
  7750 | D:7      | Reached skill level 5 in Staves
  7750 | D:7      | Reached skill level 5 in Ranged Weapons
  7750 | D:7      | Reached skill level 5 in Throwing
  7750 | D:7      | Reached skill level 5 in Armour
  7750 | D:7      | Reached skill level 5 in Dodging
  7750 | D:7      | Reached skill level 5 in Shields
  7750 | D:7      | Reached skill level 5 in Unarmed Combat
  7750 | D:7      | Reached skill level 5 in Evocations
  7750 | D:7      | Reached XP level 10. HP: 81/81 MP: 15/22
  7910 | D:8      | Found a flagged portal.
  7932 | Bailey   | Entered a bailey
  7999 | Bailey   | Reached skill level 9 in Spellcasting
  8151 | Bailey   | Noticed an orc knight
  8183 | Bailey   | Killed an orc knight
  8189 | Bailey   | Noticed an orc sorcerer
  8213 | Bailey   | HP: 3/82 [electric eel/bolt of electricity (10)]
  8215 | Bailey   | Killed from afar by an electric eel

Illustrated notes

Levels and vault maps discovered:
D:1:      matt_arrival_spirals, layout_basic, serial_shops, shop,
          minmay_misc_feat_square
D:2:      layout_rooms, uniq_robin, uniq_natasha
D:3:      layout_rooms, mainiacjoe_overflow_alcove_1, serial_shops,
          nicolae_shop_crystal, shop_fountains, corner_web_ring,
          uniq_crazy_yiuf_cottage
D:4:      layout_basic, nicolae_dithmenos_through_a_glass_darkly,
          kennysheep_vampire_church, minmay_misc_feat_tiny,
          chequers_serial_rivers_marsh
D:5:      layout_loops_ring, mainiacjoe_overflow_paths,
          overflow_temple_1_default, lightli_temple_of_fire
D:6:      layout_loops_ring, nicolae_elyvilon_peaceful_grove,
          nicolae_overflow_two_pavilions, evilmike_ruin_ashenzari, serial_glass,
          glass_columns_a, glass_columns_a, minmay_microvault
D:7:      layout_basic, minmay_temple_entry_stoned_glass, uniq_menkaure,
          uniq_pikel
D:8:      layout_loops_ring, enter_bailey_4
Temple:   chequers_temple_sunken
Bailey:   bailey_axe_of_yendor_kennysheep, bailey

Skill      XL: |  1  2  3  4  5  6  7  8  9 10 |
---------------+-------------------------------+-----
Invocations    | 1 2 3 4 5 6 |  6.0
Short Blades   | 1 2 3 5 |  5.4
Long Blades    | 1 2 3 5 |  5.4
Axes           | 1 2 3 5 |  5.4
Maces & Flails | 1 2 3 5 |  5.4
Polearms       | 1 2 3 5 |  5.4
Staves         | 1 2 3 5 |  5.4
Ranged Weapons | 1 2 3 5 |  5.4
Throwing       | 1 2 3 5 |  5.4
Armour         | 1 2 3 5 |  5.4
Dodging        | 1 2 3 5 |  5.4
Shields        | 1 2 3 5 |  5.4
Unarmed Combat | 1 2 3 5 |  5.4
Evocations     | 1 2 3 5 |  5.4
Conjurations   | 1 2 3 4 |  4.5
Hexes          | 1 2 3 4 |  4.5
Summonings     | 1 2 3 4 |  4.5
Necromancy     | 1 2 3 4 |  4.5
Translocations | 1 2 3 4 |  4.5
Transmutations | 1 2 3 4 |  4.5
Fire Magic     | 1 2 3 4 |  4.5
Air Magic      | 1 2 3 4 |  4.5
Earth Magic    | 1 2 3 4 |  4.5
Poison Magic   | 1 2 3 4 |  4.5
Ice Magic      | 4 5 6 |  6.0
Fighting       | 7 8 |  8.6
Stealth        | 5 6 |  6.9
Spellcasting   | 8 9 |  9.1

Action                   |  1- 3 |  4- 6 |  7- 9 | 10-12 || total
-------------------------+-------+-------+-------+-------++-------
Melee: Dagger            |   161 |   229 |   311 |    86 ||   787
       Bite              |    15 |    26 |    37 |    16 ||    94
       Spear             |       |    14 |       |       ||    14
       Punch             |       |     4 |    10 |     1 ||    15
Throw: Javelin           |       |       |       |     4 ||     4
 Cast: Call Imp          |     7 |    10 |    10 |     3 ||    30
       Mephitic Cloud    |       |       |     4 |     5 ||     9
       Flame Wave        |       |       |     2 |     2 ||     4
Evoke: Wand              |       |       |       |     1 ||     1
  Use: Potion            |     1 |       |     1 |     1 ||     3
       Scroll            |       |       |       |     4 ||     4
 Stab: Sleeping          |     3 |     9 |     7 |     1 ||    20
       Confused          |       |       |     2 |     2 ||     4
Armor: Robe              |    49 |       |       |       ||    49
       Leather armour    |     8 |    83 |    57 |       ||   148
       Steam dragon scal |       |       |    30 |    11 ||    41
Dodge: Dodged            |   111 |   159 |   298 |    72 ||   640

Table legend: (Time is in decaauts)
 A = Elapsed time spent in this place.
 B = Non-inter-level travel time spent in this place.
 C = Inter-level travel time spent in this place.
 D = Time resting spent in this place.
 E = Time spent auto-exploring this place.
 F = Levels seen in this place.
 G = Mean time per level.
                   A        B        C        D        E       F      G
               +--------+--------+--------+--------+--------+-----+--------+
         Total |   8180 |   7589 |    591 |   1726 |   4029 |  10 |  818.0 |
       Dungeon |   7659 |   7123 |    536 |   1659 |   3834 |   8 |  957.4 |
        Temple |    256 |    201 |     55 |      0 |    195 |   1 |  256.0 |
        Bailey |    264 |    264 |      0 |     67 |      0 |   1 |  264.0 |
               +--------+--------+--------+--------+--------+-----+--------+

Top non-repeatable levels by time:
     D:1: 1384 daAuts
     D:3: 1344 daAuts
     D:4: 1125 daAuts
     D:2: 1045 daAuts
     D:7: 994 daAuts
     D:6: 958 daAuts
     D:5: 755 daAuts
  Bailey: 264 daAuts
  Temple: 256 daAuts
     D:8: 51 daAuts
